 Dungeon Crawl Stone Soup version 0.23.1 (webtiles) character file.

Game seed: 0

421624 Norn the Slingshot (level 24, -4/184 HPs)
             Began as a Halfling Hunter on Mar 16, 2019.
             Was a High Priest of Okawaru.
             Killed from afar by a tengu reaver (27 damage)
             ... with a bolt of lightning
             ... on level 5 of the Vaults.
             The game lasted 03:12:13 (71220 turns).

Norn the Slingshot (Halfling Hunter)               Turns: 71220, Time: 03:12:14

Health: -4/184     AC: 25    Str: 17    XL:     24   Next: 87%
Magic:  0/27       EV: 30    Int: 21    God:    Okawaru [*****.]
Gold:   2673       SH: 11    Dex: 18    Spells: 12/23 levels left

rFire    + . .     SeeInvis +   A - +7 scimitar "Teocho" {slice, MR+ Str+4}
rCold    . . .     Gourm    .   Y - +1 buckler {AC+3}
rNeg     . . .     Faith    .   y - +1 ring mail of the Iron City of Dis {Slay+6}
rPois    +         Spirit   +   u - +2 helmet
rElec    .         Reflect  .   c - +2 cloak {rPois}
rCorr    .         Harm     .   V - +2 pair of gloves {archery}
MR       +++..                  r - +2 pair of boots {run}
Stlth    +.........             j - amulet of guardian spirit
HPRegen  0.40/turn              i - ring of protection from fire
MPRegen  0.20/turn              Z - ring of Pyromania {MR+ Int+4 Slay+2 SInv}

@: about to teleport, very slightly contaminated, invisible, quick
A: small, mutation resistance 1
}: 2/15 runes: decaying, gossamer
a: Heroism, Finesse, Renounce Religion


You were on level 5 of the Vaults.
You worshipped Okawaru.
Okawaru was extremely pleased with you.
You were completely stuffed.

You visited 8 branches of the dungeon, and saw 40 of its levels.
You visited the Abyss 1 time.
You visited 1 bazaar.
You also visited: Sewer and Ossuary.

You collected 5030 gold pieces.
You spent 2357 gold pieces at shops.

Inventory:

Hand Weapons
 a - the +6 hunting sling of Impermanence {venom, rC+ rN+}
   (You bought it in a shop on level 2 of the Orcish Mines)

   It poisons the ammo it fires.
   It protects you from cold.
   It protects you from negative energy.
 A - the +7 scimitar "Teocho" (weapon) {slice, MR+ Str+4}
   (You found it on level 5 of the Lair of Beasts)

   It inflicts extra damage upon your enemies.
   It affects your strength (+4).
   It affects your resistance to hostile enchantments.
 M - a +4 blowgun
   (You found it on level 6 of the Lair of Beasts)
 W - the +8 arc blade {discharge, rElec}
   (You found it on level 2 of the Lair of Beasts)

   It insulates you from electricity.
Missiles
 b - 11 curare-tipped needles {!f}
 h - 748 stones (quivered)
 J - 575 sling bullets
 K - a throwing net {!f}
Armour
 c - a +2 cloak of poison resistance (worn)
   (Okawaru gifted it to you on level 2 of the Elven Halls)
 r - a +2 pair of boots of running (worn)
   (Okawaru gifted it to you on level 5 of the Lair of Beasts)
 u - a +2 helmet (worn)
   (You took it off Robin on level 3 of the Dungeon)
 y - the +1 ring mail of the Iron City of Dis (worn) {Slay+6}
   (You bought it in a shop on level 7 of the Dungeon)

   It affects your accuracy and damage with ranged weapons and melee attacks
   (+6).
 S - +4 fire dragon scales {Xtahua}
   (You found it on level 2 of the Vaults)
 V - a +2 pair of gloves of archery (worn)
   (Okawaru gifted it to you on level 1 of the Swamp)
 Y - a +1 buckler of protection (worn)
   (Okawaru gifted it to you on level 4 of the Lair of Beasts)
Jewellery
 i - a ring of protection from fire (left hand)
   (You found it on level 8 of the Dungeon)
 j - an amulet of guardian spirit (around neck)
   (You found it on level 1 of the Dungeon)
 o - an uncursed ring of protection from cold
   (You found it on level 6 of the Dungeon)
 L - an uncursed ring of positive energy
   (You found it on level 12 of the Dungeon)
 Z - the ring of Pyromania (right hand) {MR+ Int+4 Slay+2 SInv}
   (You bought it in a shop on level 2 of the Orcish Mines)

   [ring of see invisible]

   It affects your intelligence (+4).
   It affects your accuracy and damage with ranged weapons and melee attacks
   (+2).
   It affects your resistance to hostile enchantments.
   It lets you see invisible.
Wands
 d - a wand of iceblast (16)
   (You found it on level 8 of the Dungeon)
 v - a wand of digging (7)
   (You found it on level 1 of the Lair of Beasts)
 x - a wand of acid (5)
   (You found it on level 5 of the Lair of Beasts)
 Q - a wand of clouds (5)
   (You found it on level 3 of the Elven Halls)
Scrolls
 l - 7 scrolls of magic mapping
 n - 20 scrolls of remove curse {@r2}
 p - 6 scrolls of fear
 s - 3 scrolls of teleportation {@r4}
 t - 6 scrolls of identify {@r1}
 w - 5 scrolls of enchant weapon
 C - 9 scrolls of blinking
 E - 6 scrolls of enchant armour
 F - 6 scrolls of immolation {!r}
 N - 4 scrolls of fog
 U - 2 scrolls of summoning
Potions
 f - 2 potions of cancellation
 k - 10 potions of haste {@q3}
 m - 4 potions of invisibility
 q - 8 potions of brilliance
 z - 8 potions of lignification {!q}
 B - 4 potions of berserk rage
 D - 12 potions of curing {@q1}
 H - 9 potions of mutation {!q}
 I - a potion of ambrosia
 O - 2 potions of agility
 P - 14 potions of flight
 R - 4 potions of might
 X - 5 potions of resistance
Miscellaneous
 T - a phantom mirror
Comestibles
 e - 37 rations {!d}


   Skills:
 + Level 20.5 Fighting
 - Level 14.0 Long Blades
 + Level 22.7 Slings
 - Level 10.0 Armour
 - Level 20.0 Dodging
 - Level 1.1 Stealth
 + Level 15.7 Shields
 - Level 3.0 Hexes
 - Level 6.0 Translocations
 - Level 6.1 Invocations


You had 12 spell levels left.
You knew the following spells:

 Your Spells              Type           Power        Failure   Level  Hunger
b - Blink                 Tloc           N/A          3%          2    ###....
c - Apportation           Tloc           ####..       2%          1    ##.....
d - Portal Projectile     Hex/Tloc       ###...       14%         3    ####...
f - Borgnjor's Vile Clut  Necr/Erth      #.........   100%        5    ######.

Your spell library contained the following spells:

 Spells                   Type           Power        Failure   Level  Hunger
 Teleport Other           Tloc           ####....     8%          3    ####...
 Confusing Touch          Hex            ##....       9%          1    ##.....
 Corona                   Hex            ##.....      9%          1    ##.....
 Slow                     Hex            ##......     13%         2    ###....
 Ensorcelled Hibernation  Hex/Ice        #.....       24%         2    ###....
 Confuse                  Hex            ##......     26%         3    ####...
 Recall                   Summ/Tloc      N/A          26%         3    ####...
 Tukima's Dance           Hex            ##......     26%         3    ####...
 Animate Skeleton         Necr           N/A          28%         1    ##.....
 Magic Dart               Conj           #...         28%         1    ##.....
 Sting                    Conj/Pois      #...         28%         1    ##.....
 Summon Small Mammal      Summ           #...         28%         1    ##.....
 Call Imp                 Summ           #.......     41%         2    ###....
 Corpse Rot               Necr           N/A          41%         2    ###....
 Poisonous Vapours        Pois/Air       #.....       41%         2    ###....
 Searing Ray              Conj           #.....       41%         2    ###....
 Sticks to Snakes         Tmut           #.......     41%         2    ###....
 Sublimation of Blood     Necr           #.........   41%         2    ###....
 Dazzling Spray           Conj/Hex       #.....       43%         3    ####...
 Inner Flame              Hex/Fire       #.......     43%         3    ####...
 Summon Guardian Golem    Hex/Summ       #.......     43%         3    ####...
 Cause Fear               Hex            ##........   63%         4    #####..
 Force Lance              Conj/Tloc      ##......     63%         4    #####..
 Call Canine Familiar     Summ           #.......     65%         3    ####...
 Ignite Poison            Fire/Tmut/Pois #.......     65%         3    ####...
 Mephitic Cloud           Conj/Pois/Air  #.......     65%         3    ####...
 Ozocubu's Armour         Chrm/Ice       #.......     65%         3    ####...
 Fulminant Prism          Conj/Hex       #.........   83%         4    #####..
 Leda's Liquefaction      Hex/Erth       #.........   83%         4    #####..
 Animate Dead             Necr           N/A          96%         4    #####..
 Ice Form                 Ice/Tmut       #.......     96%         4    #####..
 Iskenderun's Mystic Bla  Conj           #.......     96%         4    #####..
 Olgreb's Toxic Radiance  Pois           #.......     96%         4    #####..
 Petrify                  Tmut/Erth      #.......     96%         4    #####..
 Summon Ice Beast         Ice/Summ       #.......     96%         4    #####..
 Summon Lightning Spire   Summ/Air       #.......     96%         4    #####..
 Silence                  Hex/Air        #.........   99%         5    ######.
 Yara's Violent Unravell  Hex/Tmut       #.........   99%         5    ######.
 Agony                    Necr           #.......     100%        5    ######.
 Alistair's Intoxication  Tmut/Pois      #.......     100%        5    ######.
 Bolt of Draining         Conj/Necr      #.........   100%        5    ######.
 Dispel Undead            Necr           #.......     100%        5    ######.
 Excruciating Wounds      Chrm/Necr      #.........   100%        5    ######.
 Irradiate                Conj/Tmut      #.........   100%        5    ######.
 Venom Bolt               Conj/Pois      #.........   100%        5    ######.
 Conjure Ball Lightning   Conj/Air       #.........   100%        6    #######
 Death Channel            Necr           #.........   100%        6    #######
 Simulacrum               Ice/Necr       #.........   100%        6    #######


Dungeon Overview and Level Annotations

Branches:
Dungeon (15/15)            Temple (1/1) D:6            Lair (6/6) D:8
  Swamp (4/4) Lair:2       Spider (4/4) Lair:4        Slime (0/5) Lair:5
    Orc (2/2) D:9             Elf (3/3) Orc:2        Vaults (5/5) D:13
  Crypt (0/3) Vaults:3     Depths (0/5) D:15

Altars:
Ashenzari
Cheibriados
Dithmenos
Elyvilon
Fedhas
Gozag
Hepliaklqana
Kikubaaqudgha
Makhleb
Nemelex Xobeh
Okawaru
Qazlal
Ru
Sif Muna
Trog
Uskayaw
Vehumet
Wu Jian
Xom
Yredelemnul
Zin
The Shining One

Shops:
D:7 [   Orc:2 =*:[   Elf:2 *([}   Elf:3 [   Vaults:3 :   Vaults:4 *


Innate Abilities, Weirdness & Mutations

You are small and have problems with some larger weapons.
You are somewhat resistant to further mutation.


Message History

The tengu reaver hits you with a +1 great mace of protection.
* * * LOW HITPOINT WARNING * * *
The tengu reaver pecks you but does no damage.
You block the tengu reaver's attack.
You miss the tengu reaver. You barely miss the tengu reaver.
The tengu reaver closely misses you.
The tengu reaver pecks you but does no damage.
You block the tengu reaver's attack.
You hit the tengu reaver but do no damage.
The tengu reaver hits you with a +1 great mace of protection!
* * * LOW HITPOINT WARNING * * *
The tengu reaver pecks you but does no damage.
The tengu reaver closely misses you.
A deep elf high priest comes into view.
It is wielding a +4 morningstar of protection.
Found a book of Alchemy and a glittering ivory amulet.
Unknown command.
You slice the ettin!!
You feel like a meek peon again.
The deep elf high priest calls down the wrath of its god upon you.
Something smites you!
* * * LOW HITPOINT WARNING * * *
You hit the ettin. The ettin completely misses you.
The ettin closely misses you.
The deep elf high priest utters a dark prayer and points at you.
Your life force is offered up.
* * * LOW HITPOINT WARNING * * *
The tengu reaver is healed.
The ettin is healed.
You feel much better. You block the ettin's attack.
The ettin completely misses you.
The tengu reaver hits you with a +1 great mace of protection!!
* * * LOW HITPOINT WARNING * * *
The tengu reaver closely misses you. You block the tengu reaver's attack.
You fade into invisibility!
The golden dragon roars deafeningly!
You hear a shout!
The ettin completely misses you.
You riposte.
You barely miss the ettin. You block the ettin's attack.
You hear a deafening roar!
You are very lightly contaminated with residual magic.
You feel better. You block the tengu reaver's attack.
The tengu reaver misses you.
The tengu reaver claws you but does no damage.
The ettin misses you.
You riposte.
You slash the ettin! The ettin completely misses you.
The golden dragon breathes poison at you.
You hear a shout!
You hear a deafening roar!
You hear an angry growl.
As you read the scroll of teleportation {@r4}, it crumbles to dust.
You feel strangely unstable.
The tengu reaver gestures at you while chanting.
The bolt of lightning hits you!!
You die...

.#####################
.....☼§@Qp.....$(.^...
.....☼§§*C............
..##.§§###..(####...##
#.○☼###.p[## ..#
:..☼###...## .# .".☼#
#...## # .eD# #p..##
..# #...## #...#


You could see a golden dragon, a vault warden, a tengu reaver, an ettin, a deep
elf high priest and a battlesphere.

Vanquished Creatures
  Sojobo (Vaults:1)
  Xtahua (Vaults:2)
  Bai Suzhen (Vaults:2)
  2 golden dragons
  Rupert (Vaults:1)
  A tentacled monstrosity (Vaults:5)
  The ghost of Tutankhamun the Executioner, an adept HOFi of Beogh (Elf:3)
  2 deep elf master archers (Elf:3)
  Asterion (Vaults:2)
  2 deep elf blademasters (Elf:3)
  A titan (Vaults:4)
  Agnes (Vaults:1)
  5 sphinxes (Elf:3)
  4 tentacled starspawn (Abyss:3)
  Donald (Orc:1)
  Roxanne (Elf:3)
  3 thorn hunters
  A daeva (Abyss:3)
  3 frost giants
  12 vault wardens
  A fire giant (Vaults:4)
  3 ghost moths
  An orc warlord (Vaults:4)
  Louise (Swamp:3)
  5 deep elf sorcerers
  3 emperor scorpions (Spider:4)
  14 ironheart preservers
  2 spriggan defenders (Vaults:1)
  A war gargoyle (Vaults:3)
  4 deep elf elementalists
  The ghost of BorisKarlOrff the Spear-Bearer, a journeyman MiCK of Xom (Lair:4)
  2 very ugly things (Vaults:3)
  5 deep elf demonologists
  6 stone giants
  2 vampire knights (D:14)
  A lorocyproca (Abyss:3)
  7 entropy weavers
  2 spark wasps (Spider:4)
  8 deep elf annihilators
  5 ettins
  10 deep elf death magi
  2 crystal guardians (Vaults:4)
  2 deep elf high priests (Elf:3)
  5 yaktaur captains
  Erolcha (Orc:1)
  4 great orbs of eyes
  Josephine (Orc:2)
  A rakshasa (Vaults:2)
  3 fire dragons
  A hell beast (Elf:3)
  2 shambling mangroves
  31 vault guards
  3 ice dragons
  A ghost crab (Swamp:4)
  35 hydras
  5 centaur warriors
  32 two-headed ogres
  3 deep troll shamans
  13 alligators
  A queen ant (Spider:1)
  13 ogre magi
  8 death scarabs (Spider:4)
  3 orc high priests (Orc:2)
  21 dancing weapons
  9 death yaks
  A deep troll earth mage (Vaults:2)
  A tengu warrior (D:15)
  Nergalle (Orc:1)
  A thrashing horror (Abyss:3)
  A spriggan berserker (Swamp:4)
  30 deep elf knights
  A wretched star (Abyss:3)
  Sonja (D:12)
  A sun demon (Abyss:3)
  A sixfirhy (Abyss:3)
  5 skeletal warriors (D:13)
  3 wizards (Vaults:3)
  2 spectral emperor scorpions (Spider:4)
  19 deep trolls
  2 glowing orange brains
  5 large abominations (Abyss:3)
  4 spectral wolf spiders (Spider:4)
  2 spriggan druids (Swamp:2)
  A phantasmal warrior (Vaults:4)
  2 unseen horrors
  10 swamp dragons
  9 deep elf archers
  21 ironbrand convokers
  30 wolf spiders
  16 orb spiders
  60 deep elf magi
  16 harpies
  2 wolf spider zombies
  13 orc knights
  9 oklob plants
  7 orc sorcerers
  9 cyclopes
  17 ugly things
  A worldbinder (Abyss:3)
  8 manticores
  4 moths of wrath
  5 black mambas
  Psyche (D:8)
  A smoke demon (Abyss:3)
  8 vault sentinels
  3 elephants (Lair:5)
  3 torpor snails
  3 gargoyles
  15 spiny frogs
  3 rime drakes
  A spectral redback (Spider:4)
  4 kobold demonologists
  2 efreet
  3 freezing wraiths
  2 redback zombies (Spider:4)
  9 komodo dragons
  31 yaktaurs
  4 small abominations
  12 demonic crawlers
  A wind drake (shapeshifter) (Elf:1)
  41 jumping spiders
  3 trolls
  A meliai (shapeshifter) (Abyss:3)
  17 tyrant leeches
  31 hornets
  4 polar bears
  A hornet (shapeshifter) (Elf:2)
  4 spectral jumping spiders (Spider:4)
  19 bog bodies
  33 slime creatures
  12 hippogriffs
  A raiju (Abyss:3)
  3 tarantella zombies (Spider:4)
  A snapping turtle (shapeshifter) (Vaults:2)
  8 blink frogs
  5 spectral tarantellas (Spider:4)
  2 dream sheep (Lair:6)
  A meliai zombie (D:14)
  An orc simulacrum (Vaults:3)
  A tarantella (shapeshifter) (Vaults:3)
  26 spriggans
  8 wraiths
  21 tarantellas
  2 air elementals
  A spriggan (shapeshifter) (Vaults:4)
  5 shadows
  80 redbacks
  2 water elementals (D:15)
  2 vampires
  A fire elemental (Elf:3)
  9 humans (D:13)
  34 yaks
  2 wyverns
  A yak (shapeshifter) (Vaults:3)
  2 basilisks
  A human (shapeshifter) (Vaults:3)
  2 chaos spawn (Abyss:3)
  A golden eye (shapeshifter) (Vaults:2)
  A steam dragon (D:8)
  2 hungry ghosts
  Grum (Lair:1)
  30 vampire mosquitoes
  6 wargs
  18 swamp worms
  15 insubstantial wisps
  24 water moccasins
  2 acid dragons
  2 hell hounds (Elf:3)
  8 soldier ants (Spider:1)
  A hornet zombie (Spider:4)
  3 porcupines
  6 black bears
  2 sky beasts
  17 swamp drakes
  5 ice beasts
  3 phantoms
  29 orc warriors
  2 black bears (shapeshifter)
  A necrophage (D:11)
  30 ogres
  An ettin simulacrum (Vaults:1)
  9 boggarts
  31 wolves
  13 crocodiles
  6 centaurs
  11 big kobolds
  An elf simulacrum (Vaults:1)
  2 elf zombies (Ossuary)
  11 bullfrogs
  An earth elemental (Elf:3)
  A wyvern skeleton (D:11)
  3 scorpions
  3 killer bees (D:8)
  11 wights
  6 electric eels
  2 howler monkeys
  12 crimson imps
  3 bullfrog zombies
  7 centaur zombies
  A quasit (D:6)
  A jelly (D:12)
  17 orc priests
  3 centaur skeletons
  6 hounds
  23 orc wizards
  A gnoll shaman (D:8)
  3 bullfrog skeletons
  3 iguanas
  A merfolk siren (Sewer)
  33 worker ants
  A merfolk avatar (Sewer)
  2 big kobold zombies (Ossuary)
  A hound zombie (D:5)
  2 mummies (Ossuary)
  Robin (D:3)
  10 gnolls
  15 adders
  A river rat (Sewer)
  2 shadow imps
  A white imp (Abyss:3)
  An ooze (D:3)
  2 adder zombies (D:8)
  6 worms
  2 dart slugs (D:1)
  6 leopard geckos
  86 orcs
  9 giant cockroaches
  15 goblins
  11 hobgoblins
  7 jackals
  59 kobolds
  3 quokkas
  6 ball pythons (Sewer)
  A bat (D:1)
  6 frilled lizards
  9 hobgoblin zombies (Ossuary)
  11 kobold zombies (Ossuary)
  A leopard gecko zombie (D:5)
  7 orc zombies (Ossuary)
  26 rats
  2 rat zombies (Ossuary)
  A crawling corpse (Elf:3)
  A fungus (Lair:6)
  3 plants
  6 starspawn tentacles (Abyss:3)
1902 creatures vanquished.

Vanquished Creatures (others)
  A rakshasa (Vaults:3)
  2 deep elf knights
  A deep elf archer (Elf:1)
  A wolf spider (Spider:4)
  A deep elf mage (Elf:2)
  A vault sentinel (Vaults:1)
  A slime creature (Vaults:1)
  2 boggarts (Vaults:3)
  A bush (Lair:6)
  6 fungi
  6 plants
  7 starspawn tentacles (Abyss:3)
30 creatures vanquished.

Grand Total: 1932 creatures vanquished

Notes
Turn   | Place    | Note
-------+----------+-------------------------------------------
     0 | D:1      | Norn the Halfling Hunter began the quest for the Orb.
     0 | D:1      | Reached XP level 1. HP: 14/14 MP: 1/1
    28 | D:1      | Reached skill level 6 in Slings
   127 | D:1      | Reached XP level 2. HP: 16/19 MP: 2/2
   908 | D:1      | Reached XP level 3. HP: 19/24 MP: 3/3
  1292 | D:2      | Found a shadowy altar of Dithmenos.
  1356 | D:2      | Found a white marble altar of Elyvilon.
  1407 | D:2      | Found a basalt altar of Yredelemnul.
  1465 | D:2      | Noticed an ogre
  1484 | D:2      | Killed an ogre
  1484 | D:2      | Reached skill level 7 in Slings
  1484 | D:2      | Reached XP level 4. HP: 14/30 MP: 4/4
  1484 | D:2      | Reached XP level 5. HP: 17/35 MP: 5/5
  1699 | D:2      | Found a shadowy altar of Dithmenos.
  2184 | D:2      | Found a blossoming altar of Fedhas.
  2187 | D:2      | Found a glowing golden altar of the Shining One.
  2342 | D:3      | Noticed Robin
  2359 | D:3      | Reached skill level 8 in Slings
  2596 | D:3      | Killed Robin
  2596 | D:3      | Reached XP level 6. HP: 39/42 MP: 6/6
  3155 | D:3      | Found a burning altar of Makhleb.
  3155 | D:3      | Noticed a balrug
  3158 | D:3      | Noticed a smoke demon
  3158 | D:3      | Noticed a smoke demon
  3373 | D:3      | Reached skill level 9 in Slings
  3373 | D:3      | Reached XP level 7. HP: 22/46 MP: 7/7
  4004 | D:3      | Reached skill level 10 in Slings
  4004 | D:3      | Reached XP level 8. HP: 54/54 MP: 8/8
  4010 | D:3      | Reached skill level 5 in Dodging
  4278 | D:4      | Found a sacrificial altar of Ru.
  4375 | D:4      | Found a glowing drain.
  4409 | Sewer    | Entered a sewer
  5197 | D:4      | Found a sacrificial altar of Ru.
  5547 | D:4      | Reached skill level 11 in Slings
  5691 | D:5      | Entered Level 5 of the Dungeon
  6609 | D:5      | Found an opulent altar of Gozag.
  6634 | D:5      | Reached skill level 5 in Fighting
  6634 | D:5      | Reached XP level 9. HP: 61/61 MP: 9/9
  6928 | D:5      | Found a bloodstained altar of Trog.
  7100 | D:6      | Found a sand-covered staircase.
  7117 | Ossuary  | Entered an ossuary
  7321 | Ossuary  | Reached skill level 12 in Slings
  7365 | Ossuary  | Reached skill level 1 in Shields
  7917 | D:6      | Found a staircase to the Ecumenical Temple.
  7929 | Temple   | Entered the Ecumenical Temple
  8154 | Temple   | Became a worshipper of Warmaster Okawaru
  9261 | D:6      | Found a deep blue altar of Sif Muna.
  9261 | D:6      | Found a snail-covered altar of Cheibriados.
  9391 | D:7      | Reached * piety under Okawaru
  9415 | D:7      | Found Fokko's Armour Shoppe.
  9463 | D:7      | Bought the +1 ring mail of the Iron City of Dis {Slay+6}
                  | for 412 gold pieces
  9610 | D:7      | Found a shimmering altar of Xom.
  9721 | D:7      | Reached XP level 10. HP: 69/69 MP: 10/10
  9754 | D:7      | Got an ichor-stained shield
  9755 | D:7      | Identified the +1 shield "Ilulunoder" {Dex+2} (You found it
                  | on level 7 of the Dungeon)
 10101 | D:8      | Reached skill level 5 in Shields
 10114 | D:8      | Noticed a two-headed ogre
 10456 | D:7      | Killed a two-headed ogre
 10456 | D:7      | Reached ** piety under Okawaru
 10534 | D:8      | Found a staircase to the Lair.
 10672 | D:8      | Found an ornate altar of the Wu Jian Council.
 10804 | D:8      | Noticed Psyche
 10814 | D:8      | Killed Psyche
 10814 | D:8      | Reached skill level 1 in Invocations
 10855 | D:8      | Noticed Maurice
 10855 | D:8      | Noticed Maurice
 10855 | D:8      | Maurice changed into Maurice the steam dragon
 10869 | D:8      | Killed Maurice the steam dragon
 11077 | D:8      | Found a shattered altar of Ashenzari.
 11467 | D:9      | Reached *** piety under Okawaru
 11493 | D:9      | Found a staircase to the Orcish Mines.
 11538 | D:9      | Reached XP level 11. HP: 53/77 MP: 9/13
 11795 | D:9      | Received a gift from Okawaru
 12068 | D:9      | Reached skill level 10 in Dodging
 12437 | D:10     | Entered Level 10 of the Dungeon
 13000 | D:10     | Reached skill level 5 in Invocations
 13046 | D:10     | Killed an unseen horror
 13046 | D:10     | Received a gift from Okawaru
 13546 | Lair:1   | Entered Level 1 of the Lair of Beasts
 13546 | Lair:1   | Noticed Grum
 13625 | D:8      | Reached **** piety under Okawaru
 13640 | Lair:1   | Killed Grum
 13743 | Lair:1   | Noticed a seven-headed hydra
 13752 | Lair:1   | Killed a seven-headed hydra
 13752 | Lair:1   | Received a gift from Okawaru
 13782 | Lair:1   | Noticed a five-headed hydra
 13800 | Lair:1   | Killed a five-headed hydra
 13800 | Lair:1   | Reached skill level 1 in Armour
 14109 | Lair:1   | Reached ***** piety under Okawaru
 14109 | Lair:1   | Received a gift from Okawaru
 14129 | Lair:1   | Reached XP level 12. HP: 86/86 MP: 16/16
 14164 | Lair:1   | Learned a level 3 spell: Portal Projectile
 14548 | Lair:2   | Noticed a six-headed hydra
 14564 | Lair:2   | Killed a six-headed hydra
 14564 | Lair:2   | Reached skill level 1 in Hexes
 14564 | Lair:2   | Reached skill level 1 in Translocations
 15504 | Lair:2   | Received a gift from Okawaru
 15505 | Lair:2   | Found the +0 pair of fencer's gloves {Riposte Dex+3}
 15644 | Lair:2   | Reached skill level 10 in Fighting
 15863 | Lair:2   | Found a staircase to the Swamp.
 16537 | Lair:2   | Reached skill level 5 in Armour
 17493 | Lair:2   | Found the +8 arc blade {discharge, rElec}
 18292 | Lair:2   | Reached XP level 13. HP: 20/93 MP: 3/17
 20037 | Lair:4   | Received a gift from Okawaru
 20172 | Lair:4   | Found a hole to the Spider Nest.
 20724 | Lair:4   | Noticed a five-headed hydra
 20737 | Lair:4   | Killed a five-headed hydra
 21629 | Lair:5   | Found a staircase to the Slime Pits.
 21641 | Lair:5   | Noticed an eight-headed hydra
 21654 | Lair:5   | Killed an eight-headed hydra
 21721 | Lair:5   | Found a runed translucent gate.
 21721 | Lair:5   | Found a runed translucent gate.
 21721 | Lair:5   | Found a runed translucent gate.
 21722 | Lair:5   | Noticed a ten-headed hydra
 21722 | Lair:5   | Noticed BorisKarlOrff's ghost (journeyman MiCK)
 21722 | Lair:5   | Noticed a 14-headed hydra
 21722 | Lair:5   | Noticed a 13-headed hydra
 22438 | Lair:5   | You fall through a shaft!
 22438 | Lair:6   | Entered Level 6 of the Lair of Beasts
 22479 | Lair:5   | Received a gift from Okawaru
 22493 | Lair:5   | Identified a +1 pair of boots of running (Okawaru gifted it
                  | to you on level 5 of the Lair of Beasts)
 23159 | Lair:5   | Reached XP level 14. HP: 102/102 MP: 18/18
 23833 | Lair:5   | Got a smoking scimitar
 24107 | Lair:4   | Identified the +7 scimitar "Teocho" {slice, MR+ Str+4} (You
                  | found it on level 5 of the Lair of Beasts)
 24151 | Lair:4   | Killed BorisKarlOrff's ghost
 24536 | Lair:6   | Reached skill level 1 in Long Blades
 24550 | Lair:6   | Reached skill level 10 in Armour
 24610 | Lair:6   | Received a gift from Okawaru
 24788 | Lair:6   | Found a deep blue altar of Sif Muna.
 24835 | Lair:6   | Received a gift from Okawaru
 24871 | Lair:6   | Received a gift from Okawaru
 26112 | Orc:1    | Entered Level 1 of the Orcish Mines
 26122 | Orc:1    | Reached XP level 15. HP: 109/109 MP: 19/19
 26123 | Orc:1    | Noticed Nergalle
 26135 | Orc:1    | Killed Nergalle
 26375 | Orc:1    | Reached skill level 5 in Long Blades
 26397 | Orc:2    | Entered Level 2 of the Orcish Mines
 26397 | Orc:2    | Found a burning altar of Makhleb.
 26397 | Orc:2    | Noticed Josephine
 26397 | Orc:2    | Noticed a stone giant
 26593 | Orc:1    | Killed a stone giant
 26593 | Orc:1    | Reached skill level 15 in Dodging
 26670 | Orc:2    | Killed Josephine
 26864 | Orc:2    | Noticed Donald
 26867 | Orc:2    | Noticed Erolcha
 26937 | Orc:1    | Killed Erolcha
 26937 | Orc:1    | Reached ****** piety under Okawaru
 26943 | Orc:1    | Killed Donald
 28133 | Orc:2    | Found a staircase to the Elven Halls.
 28146 | Orc:2    | Received a gift from Okawaru
 28259 | Orc:2    | Received a gift from Okawaru
 28263 | Orc:2    | Found Mocrya's Assorted Antiques.
 28263 | Orc:2    | Found Riel Fiad's Jewellery Boutique.
 28266 | Orc:2    | Found Zufe's Armour Emporium.
 28266 | Orc:2    | Found Gyeb's Book Boutique.
 28320 | Orc:2    | Bought the ring of Pyromania {MR+ Int+4 Slay+2 SInv} for
                  | 799 gold pieces
 28328 | Orc:2    | Bought a pair of spiked boots for 161 gold pieces
 28328 | Orc:2    | Bought a translucent hunting sling for 110 gold pieces
 28328 | Orc:2    | Identified the +6 hunting sling of Impermanence {venom, rC+
                  | rN+} (You bought it in a shop on level 2 of the Orcish
                  | Mines)
 28333 | Orc:2    | Identified the +5 pair of boots of the Moon {rF++ Str+3
                  | Slay-5} (You bought it in a shop on level 2 of the Orcish
                  | Mines)
 28700 | D:11     | You fall through a shaft for 3 floors!
 29248 | D:14     | Found the +12 Vampire's Tooth {vamp}
 29355 | D:14     | Found a snail-covered altar of Cheibriados.
 29906 | D:13     | Reached XP level 16. HP: 84/118 MP: 15/20
 29920 | D:13     | Reached skill level 5 in Translocations
 30094 | D:13     | Found a gate to the Vaults.
 30394 | D:13     | Identified the +6 short sword of Uskytud {venom, Str+2}
                  | (You found it on level 13 of the Dungeon)
 30929 | D:12     | Received a gift from Okawaru
 31050 | D:12     | Noticed Sonja
 31053 | D:12     | Killed Sonja
 31612 | D:11     | Received a gift from Okawaru
 31926 | D:15     | Entered Level 15 of the Dungeon
 31958 | D:15     | Found a burning altar of Makhleb.
 32139 | D:15     | Received a gift from Okawaru
 32309 | D:15     | Received a gift from Okawaru
 32407 | D:15     | Found a staircase to the Depths.
 32634 | D:15     | Found a hide-covered altar of Uskayaw.
 33068 | Swamp:1  | Entered Level 1 of the Swamp
 34365 | Swamp:2  | Noticed a thorn hunter
 34650 | Swamp:2  | Paralysed by a hornet for 2 turns
 34656 | Swamp:2  | Noticed a thorn hunter
 34672 | Swamp:2  | Killed a thorn hunter
 34672 | Swamp:2  | Reached XP level 17. HP: 70/126 MP: 16/21
 34934 | Swamp:2  | Reached skill level 10 in Long Blades
 35818 | Swamp:1  | Killed a thorn hunter
 35818 | Swamp:1  | Received a gift from Okawaru
 37229 | Swamp:3  | Got a slimy robe
 37237 | Swamp:3  | Noticed Louise
 37258 | Swamp:3  | Killed Louise
 37451 | Swamp:3  | Reached skill level 15 in Fighting
 38515 | Swamp:4  | Entered Level 4 of the Swamp
 38853 | Swamp:4  | Received a gift from Okawaru
 38981 | Swamp:4  | Noticed a thorn hunter
 38996 | Swamp:4  | Killed a thorn hunter
 39012 | Swamp:4  | Reached XP level 18. HP: 88/134 MP: 19/22
 39067 | Swamp:4  | Received a gift from Okawaru
 39585 | Swamp:4  | Found the +0 Maxwell's etheric cage {RegenMP+ *Contam rElec
                  | MP+4}
 39781 | Swamp:4  | Received a gift from Okawaru
 40195 | Swamp:4  | Got a decaying rune of Zot
 40446 | Spider:1 | Entered Level 1 of the Spider Nest
 40482 | Lair:4   | Received a gift from Okawaru
 41244 | Spider:1 | Received a gift from Okawaru
 42433 | Spider:2 | Received a gift from Okawaru
 42436 | Spider:2 | Got a polished scale mail {god gift}
 42438 | Spider:2 | Identified the +1 scale mail of Faocvof {+Blink rN+ Int-5
                  | Stlth+} (Okawaru gifted it to you on level 2 of the Spider
                  | Nest)
 42778 | Spider:2 | Identified a scroll of acquirement
 43939 | Spider:3 | Reached XP level 19. HP: 141/141 MP: 23/23
 44611 | Spider:4 | Entered Level 4 of the Spider Nest
 45347 | Spider:4 | Received a gift from Okawaru
 45760 | Spider:4 | Got a crude falchion {god gift}
 47277 | Spider:4 | Received a gift from Okawaru
 47280 | Spider:4 | Got a faintly glowing robe {god gift}
 47782 | Spider:4 | Got a gossamer rune of Zot
 49004 | Vaults:1 | Entered Level 1 of the Vaults
 49385 | Vaults:1 | Reached XP level 20. HP: 122/151 MP: 21/24
 49390 | Vaults:1 | Reached skill level 13 in Slings
 49678 | Vaults:1 | Found a flickering gateway to a bazaar.
 49698 | Bazaar   | Entered a bazaar
 49701 | Bazaar   | Found Mosat's Food Shop.
 49714 | Bazaar   | Found Saenlegu's Antique Weapon Emporium.
 49724 | Bazaar   | Found Isuate's Weapon Shoppe.
 49727 | Bazaar   | Found Junlobul's Distillery.
 49739 | Bazaar   | Bought 2 potions of heal wounds for 100 gold pieces
 49739 | Bazaar   | Bought a potion of might for 40 gold pieces
 49739 | Bazaar   | Bought a potion of curing for 30 gold pieces
 49739 | Bazaar   | Bought 2 potions of haste for 200 gold pieces
 49747 | Bazaar   | Bought a +1 fustibalus of velocity for 265 gold pieces
 50601 | Vaults:1 | Received a gift from Okawaru
 50613 | Vaults:1 | Reached skill level 14 in Slings
 50838 | Vaults:1 | Received a gift from Okawaru
 50848 | Vaults:1 | Learned a level 1 spell: Apportation
 50854 | Vaults:1 | Learned a level 5 spell: Borgnjor's Vile Clutch
 50951 | Vaults:1 | Noticed Sojobo
 50951 | Vaults:1 | Noticed Agnes
 50951 | Vaults:1 | Noticed Rupert
 50989 | Vaults:1 | Killed Agnes
 51480 | Vaults:1 | Killed Rupert
 51600 | Vaults:1 | Killed Sojobo
 52403 | Vaults:2 | Received a gift from Okawaru
 52412 | Vaults:2 | Reached skill level 15 in Slings
 52722 | Vaults:2 | Received a gift from Okawaru
 52920 | Vaults:2 | You fall through a shaft!
 53370 | Vaults:3 | Reached skill level 16 in Slings
 53472 | Vaults:3 | Found Vydis's Book Shoppe.
 53582 | Vaults:3 | Reached XP level 21. HP: 103/158 MP: 18/25
 53902 | Vaults:3 | Found a staircase to the Crypt.
 53902 | Vaults:3 | Found an ancient bone altar of Kikubaaqudgha.
 53903 | Vaults:3 | Found a basalt altar of Yredelemnul.
 54117 | Vaults:3 | Received a gift from Okawaru
 54739 | Vaults:3 | Paralysed by a wizard for 5 turns
 54749 | Vaults:3 | Received a gift from Okawaru
 54836 | Vaults:3 | Reached skill level 17 in Slings
 55964 | Vaults:2 | Reached skill level 10 in Shields
 56217 | Vaults:2 | Noticed Xtahua
 56247 | Vaults:2 | Killed Xtahua
 56247 | Vaults:2 | Received a gift from Okawaru
 56504 | Vaults:2 | Identified the +3 shield "Zimouzis" {rC- Regen+ Str+4}
 56504 | Vaults:2 | Noticed Asterion
 56517 | Vaults:2 | Received a gift from Okawaru
 56524 | Vaults:2 | Killed Asterion
 56531 | Vaults:2 | Reached skill level 18 in Slings
 56775 | Vaults:2 | Noticed Bai Suzhen
 56826 | Vaults:2 | Killed Bai Suzhen
 57250 | Vaults:2 | Got an ichor-stained quarterstaff {god gift}
 57392 | Vaults:2 | Reached XP level 22. HP: 135/166 MP: 21/26
 57849 | Vaults:2 | Received a gift from Okawaru
 57871 | Vaults:2 | Got an ichor-stained falchion {god gift}
 58766 | Vaults:4 | Received a gift from Okawaru
 58767 | Vaults:4 | Reached skill level 19 in Slings
 59207 | Vaults:4 | Received a gift from Okawaru
 59484 | Vaults:4 | Found Ytsiat's Assorted Antiques.
 59892 | Vaults:4 | Bought a scroll of enchant armour for 240 gold pieces
 60468 | Vaults:4 | Received a gift from Okawaru
 61767 | Vaults:2 | Reached XP level 23. HP: 153/174 MP: 23/27
 62031 | Elf:1    | Entered Level 1 of the Elven Halls
 62066 | Elf:1    | Reached skill level 20 in Slings
 62148 | Elf:1    | Found a radiant altar of Vehumet.
 63856 | Elf:2    | Found a huge runed translucent gate.
 63856 | Elf:2    | Found a huge runed translucent gate.
 63857 | Elf:2    | Found a huge runed translucent gate.
 63858 | Elf:2    | Found a huge runed translucent gate.
 63892 | Elf:2    | Found a huge runed translucent gate.
 63936 | Elf:2    | Found Begacati's Bounteous Boutique.
 64566 | Elf:2    | Found Uliozuath's Weapon Shoppe.
 64570 | Elf:2    | Found Oskewnu's Antique Armour Emporium.
 64571 | Elf:2    | Found Qaik Daw's Gadget Shoppe.
 64597 | Elf:2    | Received a gift from Okawaru
 64608 | Elf:2    | Found a deep blue altar of Sif Muna.
 65044 | Elf:2    | Received a gift from Okawaru
 65688 | Elf:3    | Entered Level 3 of the Elven Halls
 65689 | Elf:3    | Found Ikisupe's Armour Shoppe.
 65972 | Elf:3    | Found a runed translucent door.
 65972 | Elf:3    | Noticed Tutankhamun's ghost (adept HOFi)
 66075 | Elf:3    | Noticed Roxanne
 66100 | Elf:3    | Killed Roxanne
 66100 | Elf:3    | Reached skill level 21 in Slings
 66865 | Elf:3    | Identified the ring "Fuaggugg" {Str+3 Int+2 Stlth+}
 67265 | Elf:3    | Reached XP level 24. HP: 182/182 MP: 27/27
 67603 | Elf:3    | Cast into level 3 of the Abyss (a deep elf sorcerer)
 67761 | Abyss:3  | Found a corrupted altar of Lugonu.
 67916 | Abyss:3  | Received a gift from Okawaru
 67939 | Abyss:3  | Identified the +2 pair of boots of Wyuji {*Corrode rF+
                  | MR+++ Str+5} (Okawaru gifted it to you on level 3 of the
                  | Abyss)
 68138 | Abyss:3  | Found a bloodstained altar of Trog.
 68227 | Elf:3    | Escaped the Abyss
 68675 | Elf:3    | Identified the +4 short sword "Conn" {vamp, +Inv rN+}
 68714 | Elf:3    | Reached skill level 22 in Slings
 68725 | Elf:3    | Reached skill level 15 in Shields
 69187 | Elf:3    | Identified the Compendium of Orientation and the Frostbite
 69204 | Elf:3    | Identified the Catalogue of Classification
 69282 | Elf:3    | Got a crude shortbow
 69433 | Elf:3    | Killed Tutankhamun's ghost
 69441 | Elf:3    | Identified Sif Muna's Almanac of the Birds
 69457 | Elf:3    | Learned a level 2 spell: Blink
 69991 | Vaults:5 | Entered Level 5 of the Vaults
 70079 | Vaults:5 | Noticed a golden dragon
 70410 | Vaults:5 | Noticed a golden dragon
 70457 | Vaults:4 | HP: 8/184 [golden dragon/bolt of fire (16)]
 70569 | Vaults:4 | Received a gift from Okawaru
 71067 | Vaults:4 | Killed a golden dragon
 71148 | Vaults:5 | Noticed an ancient lich
 71172 | Vaults:5 | Noticed a golden dragon
 71201 | Vaults:5 | Killed a golden dragon
 71220 | Vaults:5 | Killed from afar by a tengu reaver

Skill      XL: |  1  2  3  4  5  6  7  8  9 10 11 12 13 14 15 16 17 18 19 20 21 22 23 24 |
---------------+-------------------------------------------------------------------------+-----
Slings         | 6 7 8 9 10 11 12 16 18 19 21 22 | 22.7
Fighting       | 2 3 4 5 6 8 9 10 11 12 13 14 15 16 17 18 19 20 | 20.5
Dodging        | 3 4 6 7 9 11 12 13 14 15 16 17 18 19 20 | 20.0
Shields        | 4 5 7 10 12 14 15 | 15.7
Invocations    | 3 6 |  6.1
Armour         | 2 5 8 10 | 10.0
Hexes          | 3 |  3.0
Translocations | 3 4 6 |  6.0
Long Blades    | 4 7 9 11 13 14 | 14.0
Stealth        | |  1.1

Action                   |  1- 3 |  4- 6 |  7- 9 | 10-12 | 13-15 | 16-18 | 19-21 | 22-24 || total
-------------------------+-------+-------+-------+-------+-------+-------+-------+-------++-------
Melee: Short sword       |    72 |       |       |    67 |    73 |       |       |       ||   212
       Hunting sling     |       |       |     1 |       |       |       |       |       ||     1
       Rapier            |       |       |       |       |   508 |  1134 |  1620 |  1152 ||  4414
       Scimitar          |       |       |       |       |   123 |    27 |    78 |   111 ||   339
 Fire: Hunting sling     |    44 |   215 |   898 |   842 |   537 |   714 |   120 |   575 ||  3945
Invok: Heroism           |       |       |       |       |     5 |     5 |    15 |    19 ||    44
       Finesse           |       |       |       |       |       |       |     2 |       ||     2
Evoke: Wand              |       |       |     2 |     6 |     6 |     4 |     3 |     1 ||    22
  Use: Scroll            |       |       |    13 |     4 |     7 |    20 |     6 |    15 ||    65
       Potion            |       |       |       |       |     1 |     1 |     3 |    10 ||    15
 Stab: Sleeping          |     1 |       |       |       |     3 |       |       |       ||     4
       Confused          |       |       |       |       |       |     1 |       |       ||     1
       Distracted        |       |       |       |       |       |       |       |     2 ||     2
  Eat: Chunk             |     2 |     5 |    11 |    21 |    20 |    30 |    28 |    31 ||   148
       Ration            |       |       |     2 |     1 |     5 |     4 |     4 |     6 ||    22
Armor: Leather armour    |    19 |    19 |    43 |       |       |       |       |       ||    81
       Ring mail         |       |       |       |    33 |   183 |   154 |    39 |   226 ||   635
       Swamp dragon scal |       |       |       |       |       |   205 |   345 |       ||   550
Dodge: Dodged            |    74 |    88 |   238 |   192 |   939 |  1527 |  1640 |  1042 ||  5740
       Deflected         |       |       |       |       |     5 |    16 |       |       ||    21
Block: Buckler           |       |       |       |    66 |   383 |   602 |   667 |   527 ||  2245
       Rpst.: Hunting sling |       |       |       |     5 |    57 |     2 |       |       ||    64
       Short sword       |       |       |       |     2 |    14 |       |       |       ||    16
       Rapier            |       |       |       |       |   112 |    72 |       |       ||   184
       Scimitar          |       |       |       |       |    74 |     1 |    11 |    14 ||   100
